 Dungeon Crawl Stone Soup version 0.22.0-13-g43fe8f2 (webtiles) character file.

6281 Gravenous the Grappler (level 10, -3/103 (104) HPs)
             Began as a Troll Arcane Marksman on Aug 16, 2018.
             Slain by Erica
             ... wielding a +4 scimitar of flaming
              (4 damage)
             ... on level 8 of the Dungeon.
             The game lasted 00:09:26 (6645 turns).

Gravenous the Grappler (Troll Arcane Marksman)      Turns: 6645, Time: 00:09:27

HP:   -3/103 (104)  AC:  5    Str: 20    XL:     10   Next: 63%
MP:   0/10          EV: 10    Int: 12    God:
Gold: 591           SH:  0    Dex: 10    Spells: 10/11 levels left

rFire    . . .     SeeInvis .     - Unarmed
rCold    + . .     Gourm    +   (no shield)
rNeg     . . .     Faith    .   a - +0 robe
rPois    .         Spirit   +   (helmet restricted)
rElec    .         Reflect  .   K - scarf {cloud immunity}
rCorr    .         Harm     .   (gloves unavailable)
MR       .....                  (boots unavailable)
Stlth    ..........             J - amulet of guardian spirit
HPRegen  0.67/turn              u - ring of attention (curse)
MPRegen  0.12/turn              z - ring of protection from cold

@: lethally poisoned (-3 -> -3), very slightly contaminated
A: large, unfitting armour, claws 3, fast metabolism 3, gourmand, regeneration
1, shaggy fur 1, tough skin 2
a: no special abilities


You were on level 8 of the Dungeon.
You were full.

You visited 2 branches of the dungeon, and saw 9 of its levels.

You collected 591 gold pieces.

Inventory:

Missiles
 c - 8 large rocks (quivered)
 d - 6 throwing nets
 y - 6 curare-tipped needles
Armour
 a - a +0 robe (worn)
 K - a scarf of cloud immunity (worn)
Jewellery
 u - a cursed ring of attention (left claw)
 z - a ring of protection from cold (right claw)
 J - an amulet of guardian spirit (around neck)
Wands
 x - a wand of random effects (66)
 E - a wand of flame (13)
 L - a wand of iceblast (5)
Scrolls
 b - 5 scrolls of remove curse {unknown}
 h - 6 scrolls of teleportation {unknown}
 i - 5 scrolls of enchant weapon {unknown}
 l - 5 scrolls of magic mapping {unknown}
 n - 7 scrolls of amnesia {unknown}
 q - 5 scrolls of identify {unknown}
 r - a scroll of fog {unknown}
 A - 3 scrolls of enchant armour {unknown}
 C - a scroll of torment {unknown}
 D - a scroll of random uselessness {unknown}
 F - 2 scrolls of blinking {unknown}
Potions
 e - 4 potions of resistance {unknown}
 g - 3 potions of agility {unknown}
 j - a potion of invisibility {unknown}
 k - 3 potions of brilliance {unknown}
 m - 2 potions of might {unknown}
 o - 2 potions of ambrosia {unknown}
 p - a potion of mutation {unknown}
 s - a potion of magic {unknown}
 t - 2 potions of heal wounds {unknown}
 v - a potion of cancellation {unknown}
 w - a potion of curing {unknown}
 B - a potion of flight {unknown}
 G - 2 potions of degeneration {unknown}
 I - 2 potions of lignification {unknown}
Comestibles
 f - 22 rations


   Skills:
 + Level 7.9 Fighting
 - Level 1.7 Throwing
 - Level 1.5 Dodging
 * Level 12.8 Unarmed Combat
 - Level 1.0 Spellcasting
 - Level 2.0 Hexes


You had 10 spell levels left.
You knew the following spells:

 Your Spells              Type           Power        Failure   Level  Hunger
a - Corona                Hex            #......      13%         1    ##.....

Your spell library contained the following spells:

 Spells                   Type           Power        Failure   Level  Hunger
 Cause Fear               Hex            #.........   78%         4    #####..
 Slow                     Hex            #.......     21%         2    ###....
 Portal Projectile        Hex/Tloc       #.....       52%         3    ####...
 Leda's Liquefaction      Hex/Erth       #.........   89%         4    #####..
 Inner Flame              Hex/Fire       #.......     52%         3    ####...


Dungeon Overview and Level Annotations

Branches:
Dungeon (8/15)             Temple (0/1) D:6            Lair (1/6) D:8

Altars:
Elyvilon

Annotations:
D:8 Erica


Innate Abilities, Weirdness & Mutations

You are too large for most types of armour.
You have claws for hands.
Your metabolism is lightning-fast.
You like to eat raw meat.
Your natural rate of healing is unusually fast.
You are covered in fur. (AC +1)
You have very tough skin. (AC +2)


Message History

You mangle Psyche!!
You kill Psyche!
You feel sick.
You hear some strange, mumbled words.
Something tries to affect you, but you resist.
Something tries to affect you, but you resist.
Things that are here:
a dagger of chaos; a robe; the human corpse of Psyche You butcher the human corpse of Psyche.
You feel sick.
You hear some strange, mumbled words.
An orb of energy appears from out of thin air!
The orb of energy hits you!
* * * LOW HITPOINT WARNING * * *
Things that are here:
a dagger of chaos; a robe; 3 chunks of flesh You flicker back into view.
You feel sick. Something hits you!
* * * LOW HITPOINT WARNING * * *
Something burns you.
You die...

....##.# ....##.#
######.# #.#
######.###############
#....................#
#.####.############.##
#.####.# #..)..#.#
#......# #.....#@...#
######## #######..###
.....# #####.# #.# ..#
###


There were no monsters in sight!

Vanquished Creatures
  The ghost of biddum the Skirmisher, a novice OgBe of Trog (D:6)
  Pikel (D:8)
  Psyche (D:8)
  2 hippogriffs (D:8)
  A wyvern (D:8)
  A yak (D:8)
  Edmund (D:5)
  A porcupine (D:8)
  3 water moccasins
  4 orc warriors
  A black bear (D:6)
  4 ice beasts
  2 phantoms
  3 ogres
  2 necrophages (D:7)
  2 sky beasts (D:8)
  2 centaurs (D:8)
  A crocodile (D:7)
  A big kobold (D:8)
  3 bullfrogs
  A wyvern skeleton (D:7)
  5 scorpions
  A water moccasin skeleton (D:5)
  2 howler monkeys
  5 crimson imps
  A centaur zombie (D:8)
  A bullfrog zombie (D:6)
  2 orc priests
  3 hounds
  2 jellies
  2 centaur skeletons
  2 orc wizards
  5 iguanas
  8 worker ants
  A hound zombie (D:5)
  16 adders
  A howler monkey skeleton (D:4)
  4 gnolls (D:7)
  3 shadow imps
  3 white imps (D:6)
  An ooze (D:2)
  2 adder skeletons
  5 worms
  3 dart slugs
  An adder simulacrum (D:6)
  7 leopard geckos
  26 orcs
  A ball python (D:1)
  6 bats
  7 giant cockroaches
  12 goblins
  7 hobgoblins
  5 jackals
  8 kobolds
  4 quokkas
  3 frilled lizards
  A leopard gecko simulacrum (D:6)
  A leopard gecko skeleton (D:8)
  A quokka zombie (D:6)
  4 rats
  2 fungi (D:8)
  A plant (D:8)
213 creatures vanquished.

Vanquished Creatures (others)
  A slave (D:8)
  An orc (D:8)
  A quokka (D:7)
  A fungus (D:8)
4 creatures vanquished.

Grand Total: 217 creatures vanquished

Notes
Turn   | Place    | Note
-------+----------+-------------------------------------------
     0 | D:1      | Gravenous the Troll Arcane Marksman began the quest for the Orb.
     0 | D:1      | Reached XP level 1. HP: 18/18 MP: 1/1
    98 | D:1      | Reached skill level 1 in Fighting
   142 | D:1      | Reached skill level 1 in Unarmed Combat
   185 | D:1      | Reached XP level 2. HP: 27/27 MP: 2/2
   571 | D:1      | Reached skill level 2 in Unarmed Combat
   773 | D:2      | Reached XP level 3. HP: 20/33 MP: 3/3
   959 | D:2      | Reached XP level 4. HP: 41/42 MP: 4/4
   977 | D:2      | Reached skill level 3 in Unarmed Combat
  1892 | D:3      | Noticed an ice beast
  1907 | D:2      | Reached XP level 5. HP: 35/49 MP: 5/5
  2029 | D:2      | Killed an ice beast
  2029 | D:2      | Reached skill level 4 in Unarmed Combat
  2133 | D:3      | Reached XP level 6. HP: 59/59 MP: 6/6
  2186 | D:3      | Reached skill level 5 in Unarmed Combat
  2309 | D:3      | Found a faded altar of an unknown god.
  2673 | D:4      | Reached XP level 7. HP: 52/67 MP: 7/7
  2783 | D:4      | Reached skill level 6 in Unarmed Combat
  3199 | D:5      | Entered Level 5 of the Dungeon
  3412 | D:5      | Reached skill level 7 in Unarmed Combat
  3425 | D:5      | Noticed Edmund
  3441 | D:5      | Killed Edmund
  3451 | D:5      | Reached XP level 8. HP: 27/79 MP: 8/8
  3813 | D:5      | Reached skill level 8 in Unarmed Combat
  4159 | D:6      | Reached skill level 5 in Fighting
  4216 | D:6      | Found a staircase to the Ecumenical Temple.
  4402 | D:6      | Reached skill level 9 in Unarmed Combat
  4519 | D:6      | Found a runed gate.
  4519 | D:6      | Found a runed gate.
  4519 | D:6      | Found a runed gate.
  4671 | D:6      | Noticed biddum's ghost (novice OgBe)
  4709 | D:6      | Killed biddum's ghost
  4709 | D:6      | Reached XP level 9. HP: 35/89 MP: 9/9
  4810 | D:6      | Reached skill level 10 in Unarmed Combat
  5485 | D:7      | Found a white marble altar of Elyvilon.
  5605 | D:8      | Reached skill level 11 in Unarmed Combat
  5810 | D:8      | Reached XP level 10. HP: 101/101 MP: 10/10
  5837 | D:8      | Found a staircase to the Lair.
  5837 | D:8      | Noticed Pikel
  5872 | D:8      | Killed Pikel
  5914 | Lair:1   | Entered Level 1 of the Lair of Beasts
  6005 | D:8      | Reached skill level 12 in Unarmed Combat
  6618 | D:8      | Noticed Erica
  6619 | D:8      | Noticed Psyche
  6641 | D:8      | Killed Psyche
  6645 | D:8      | HP: 1/103 [something (15)]
  6645 | D:8      | Slain by Erica

Skill      XL: |  1  2  3  4  5  6  7  8  9 10 |
---------------+-------------------------------+-----
Fighting       | 1 2 3 4 5 7 |  7.9
Unarmed Combat | 1 2 3 4 5 7 9 11 12 | 12.8
Throwing       | |  1.7
Dodging        | |  1.5
Spellcasting   | |  1.0
Hexes          | |  2.0

Action                   |  1- 3 |  4- 6 |  7- 9 | 10-12 || total
-------------------------+-------+-------+-------+-------++-------
Melee: Unarmed           |    96 |   201 |   273 |   125 ||   695
       Punch             |     3 |     2 |     8 |     7 ||    20
Throw: Large rock        |       |       |     4 |       ||     4
 Stab: Sleeping          |     1 |     2 |       |       ||     3
       Distracted        |       |       |       |     1 ||     1
  Eat: Chunk             |     9 |    21 |    29 |     5 ||    64
Armor: Robe              |    23 |    98 |    36 |    17 ||   174
Dodge: Dodged            |    44 |   157 |   109 |    44 ||   354
